 Dungeon Crawl Stone Soup version 0.21.0-24-g2553a33 (webtiles) character file.

18 tidbits the Charmwright (level 2, 0/26 HPs)
             Began as a Gnoll Skald on Jan 20, 2018.
             Slain by an adder (5 damage)
             ... on level 2 of the Dungeon.
             The game lasted 00:01:52 (179 turns).

tidbits the Charmwright (Gnoll Skald)                Turns: 179, Time: 00:01:53

Health: 0/26       AC:  3    Str: 13    XL:     2   Next: 66%
Magic:  3/7        EV: 14    Int: 15    God:
Gold:   18         SH:  0    Dex: 14    Spells: 5/10 levels left

rFire    . . .     SeeInvis .   a - +0 hand axe
rCold    . . .     Gourm    .   (no shield)
rNeg     . . .     Faith    .   b - +0 leather armour
rPois    .         Spirit   .   (no helmet)
rElec    .         Reflect  .   (no cloak)
rCorr    .         Harm     .   (no gloves)
MR       .....     Rnd*Tele +   (no boots)
Stlth    +.........             (no amulet)
HPRegen  0.08/turn              i - ring of teleportation (curse)
MPRegen  0.10/turn              (no ring)

@: lethally poisoned (0 -> -6), infused (expiring)
A: distributed training, fangs 1, strong nose
a: no special abilities


You were on level 2 of the Dungeon.
You were full.

You visited 1 branch of the dungeon, and saw 2 of its levels.

You collected 18 gold pieces.

Inventory:

Hand Weapons
 a - a +0 hand axe (weapon)
 h - a +0 short sword
Missiles
 j - 3 stones (quivered)
Armour
 b - a +0 leather armour (worn)
 f - a +0 ring mail
Magical Staves
 g - an uncursed staff of wizardry {unknown}
   (You found it on level 2 of the Dungeon)
Jewellery
 i - a cursed ring of teleportation (left hand)
   (You found it on level 2 of the Dungeon)
Scrolls
 k - a scroll of remove curse {unknown}
Potions
 e - 3 potions of curing {unknown}
Books
 c - a book of Battle

   Spells                             Type                      Level
   a - Infusion                       Charms                       1
   b - Shroud of Golubria             Charms/Translocation         2
   c - Song of Slaying                Charms                       2
   d - Spectral Weapon                Hexes/Charms                 3
   e - Regeneration                   Charms/Necromancy            3
Comestibles
 d - a ration


   Skills:
 + Level 4.5 Fighting
 + Level 0.5 Short Blades
 + Level 0.5 Long Blades
 + Level 4.5 Axes
 + Level 0.5 Maces & Flails
 + Level 0.5 Polearms
 + Level 0.5 Staves
 + Level 0.5 Slings
 + Level 0.5 Bows
 + Level 0.5 Crossbows
 + Level 0.5 Throwing
 + Level 2.5 Armour
 + Level 4.5 Dodging
 + Level 0.5 Stealth
 + Level 0.5 Shields
 + Level 0.5 Unarmed Combat
 + Level 4.9 Spellcasting
 + Level 0.3 Conjurations
 + Level 0.3 Hexes
 + Level 5.3 Charms
 + Level 0.3 Summonings
 + Level 0.3 Necromancy
 + Level 0.3 Translocations
 + Level 0.3 Transmutations
 + Level 0.3 Fire Magic
 + Level 0.3 Ice Magic
 + Level 0.3 Air Magic
 + Level 0.3 Earth Magic
 + Level 0.3 Poison Magic
 + Level 0.6 Invocations
 + Level 0.5 Evocations


You had 5 spell levels left.
You knew the following spells:

 Your Spells              Type           Power        Failure   Level  Hunger
g - Shroud of Golubria    Chrm/Tloc      ##........   10%         2    ##.....
i - Infusion              Chrm           ###.         2%          1    None
y - Song of Slaying       Chrm           ###.....     3%          2    ##.....


Dungeon Overview and Level Annotations

Branches:
Dungeon (2/15)

Altars:
Kikubaaqudgha


Innate Abilities, Weirdness & Mutations

Your experience applies equally to all skills.
You have very sharp teeth.
Your uncanny sense of smell can sniff out nearby items.


Message History

The worm bites you.
You hit the worm!
You kill the worm!
You hit the quokka. You completely miss the jackal. The jackal bites you.
The quokka barely misses you.
A jackal comes into view.
Unknown command.
You barely miss the kobold. You barely miss the jackal.
The jackal barks!
You hit the quokka but do no damage.
The quokka twitches its whiskers.
The quokka barely misses you. The kobold misses you.
Unknown command.
You hit the kobold but do no damage. Your bite misses the kobold.
You hit the jackal. You miss the quokka. The jackal bites you.
The quokka bites you. The kobold hits you with a short sword.
The jackal bites you.
Unknown command.
You closely miss the kobold. You hit the quokka.
You kill the quokka!
You hit the jackal.
You kill the jackal!
You are no longer magically infusing your attacks.
The kobold hits you but does no damage.
Unknown command.
You hit the kobold.
The kobold is heavily wounded.
You miss the jackal. The jackal misses you. The jackal closely misses you.
The kobold closely misses you.
Unknown command.
You slash the jackal!
You kill the jackal!
You hit the kobold. The kobold hits you but does no damage.
You barely miss the jackal. You bite the jackal, but do no damage.
You barely miss the kobold. The kobold hits you with a short sword.
The jackal bites you.
* * * LOW HITPOINT WARNING * * *
Unknown command.
You hit the kobold but do no damage.
The kobold is severely wounded.
You hit the jackal.
The jackal bites you but does no damage.
The kobold misses you.
You barely miss the jackal.
The jackal is heavily wounded.
You hit the kobold.
You kill the kobold!
The jackal bites you.
* * * LOW HITPOINT WARNING * * *
The jackal misses you.
You barely miss the jackal.
The jackal is heavily wounded.
The jackal bites you.
* * * LOW HITPOINT WARNING * * *
You hit the jackal.
You kill the jackal!
Things that are here:
a short sword; 3 stones; a worm corpse
h - a short sword;
j - 3 stones
Things that are here:
a jackal corpse x2
You see here a scroll labeled MOHIJUSHR WAIZXOA.
k - a scroll labeled MOHIJUSHR WAIZXOA Memorise Song of Slaying, consuming 2 spell levels and leaving 7?
You start memorising the spell.
You continue memorising. x2
You finish memorising.
Spell assigned to 'y'.
Memorise Shroud of Golubria, consuming 2 spell levels and leaving 5?
You start memorising the spell.
You continue memorising. x2
You finish memorising.
Spell assigned to 'g'.
Found 14 gold pieces.
Found a stone staircase leading up and a stone staircase leading down.
You see here 14 gold pieces.
You now have 18 gold pieces (gained 14).
An adder comes into view.
Found a stone staircase leading down.
Casting: Infusion
Confirm with . or Enter, or press ? or * to list all spells.
You begin infusing your attacks with magical energy.
The adder closely misses you. The adder misses you.
There is a stone staircase leading down here.
Unknown command.
You completely miss the adder.
Your magical infusion is running out.
The adder bites you.
* * * LOW HITPOINT WARNING * * *
You completely miss the adder. You bite the adder, but do no damage.
The adder barely misses you.
You miss the adder. The adder closely misses you. The adder bites you.
* * * LOW HITPOINT WARNING * * *
You are lethally poisoned!
The adder poisons you!
You hit the adder.
The adder is heavily wounded.
* * * LOW HITPOINT WARNING * * *
You feel sick. The adder closely misses you.
You hit the adder.
The adder is severely wounded.
* * * LOW HITPOINT WARNING * * *
You feel sick. The adder bites you.
You die...

### .. #. ######### ##.
#.>.....# #.. ..
#.#.S.#.### #.# #
#.#.@.....# ##.#####
#.#...#.#.# .....##
######.##.##.# #.##.##
#...........<# #.##.##
#.#######...## ##.....(
#.# #...# #.......
#.#######...#######.##.##.
#...................##....
#..########.........##..#.


You could see an adder.

Vanquished Creatures
  A worm (D:2)
  A leopard gecko (D:2)
  A bat (D:1)
  A giant cockroach (D:1)
  A goblin (D:2)
  3 jackals (D:2)
  A kobold (D:2)
  A quokka (D:2)
  2 rats (D:2)
12 creatures vanquished.

Notes
Turn   | Place    | Note
-------+----------+-------------------------------------------
     0 | D:1      | tidbits the Gnoll Skald began the quest for the Orb.
     0 | D:1      | Reached XP level 1. HP: 20/20 MP: 6/6
   115 | D:2      | Found an ancient bone altar of Kikubaaqudgha.
   118 | D:2      | Reached XP level 2. HP: 26/26 MP: 0/7
   145 | D:2      | Learned a level 2 spell: Song of Slaying
   148 | D:2      | Learned a level 2 spell: Shroud of Golubria
   179 | D:2      | Slain by an adder

Action                   || total
-------------------------++-------
Melee: Hand axe          ||    29
       Bite              ||     3
 Cast: Infusion          ||     4
  Use: Scroll            ||     2
  Eat: Ration            ||     1
Armor: Leather armour    ||     3
Dodge: Dodged            ||    24

Table legend:
 A = Turns spent in this place as a percentage of turns spent in the entire game.
 B = Non-inter-level travel turns spent in this place as a percentage of non-inter-level travel turns spent in the entire game.
 C = Inter-level travel turns spent in this place as a percentage of turns spent in this place.
 D = Turns resting spent in this place as a percentage of non-inter-level travel turns spent in this place.
 E = Turns spent auto-exploring this place as a percentage of non-inter-level travel turns spent in this place.
 F = Non-inter-level travel turns spent in this place divided by the number of levels of this place that you've seen.
                   A       B       C       D       E      F
               +-------+-------+-------+-------+-------+----------------------
         Total | 100.0 | 100.0 |   0.0 |   0.0 |   0.0 |  89.5
       Dungeon | 100.0 | 100.0 |   0.0 |   0.0 |   0.0 |  89.5
               +-------+-------+-------+-------+-------+----------------------

Table legend:
 A = Kills in this place as a percentage of kills in entire the game.
 B = Kills by you in this place as a percentage of kills by you in the entire game.
 C = Kills by friends in this place as a percentage of kills by friends in the entire game.
 D = Other kills in this place as a percentage of other kills in the entire game.
 E = Experience gained in this place as a percentage of experience gained in the entire game.
 F = Experience gained in this place divided by the number of levels of this place that you have seen.
                   A       B       C       D       E      F
               +-------+-------+-------+-------+-------+----------------------
         Total | 100.0 | 100.0 |   N/A |   N/A | 100.0 |  13.0
       Dungeon | 100.0 | 100.0 |   N/A |   N/A | 100.0 |  13.0
               +-------+-------+-------+-------+-------+----------------------

Vault maps used:
D:1:      lemuel_arrival_funnel
D:2:      kiku_gazebo_pond_becter, uniq_jessica
